 Dungeon Crawl Stone Soup version 0.27-a0-1431-gcffa5a9b16 (webtiles) character file.

Game seed: 13668730815814313486

89357 flotson the Covert (level 15, 0/105 HPs)
             Began as an Octopode Brigand on July 3, 2021.
             Was an Initiate of Gozag.
             Slain by a sixfirhy (14 damage)
             ... summoned by an orc high priest
             ... on level 2 of the Orcish Mines.
             The game lasted 01:26:15 (27454 turns).

flotson the Covert (Octopode Brigand)              Turns: 27454, Time: 01:26:17

Health: 0/105      AC:  3    Str: 20    XL:     15   Next: 97%
Magic:  24/24      EV: 28    Int: 12    God:    Gozag
Gold:   4198       SH:  0    Dex: 29    Spells: 10/27 levels left

rFire    . . .     SeeInvis .   S - +3 war axe (venom)
rCold    . . .     Faith    .   n - +3 warlock's mirror {reflect}
rNeg     + + +     Spirit   .   D - +2 hat
rPois    .         Reflect  +   d - amulet of regeneration
rElec    .         Harm     .   h - ring of willpower
rCorr    +         Rampage  .   k - +4 ring of evasion
Will     +++..                  q - ring of positive energy
Stlth    ++++......             r - ring of resist corrosion
HPRegen  1.27/turn              t - ring "Kocs" {Fly Dex+6}
MPRegen  0.19/turn              E - +6 ring of dexterity
                                u - ring "Esmi" {rN++ Will+ Str+4 Int-3 Dex+4}
                                (no ring)

@: confused, ambrosia-drunk, gold aura, flying, studying Axes
A: almost no armour, amphibious, 8 rings, camouflage 1, gelatinous body 1,
(nimble swimmer 1), tentacles
a: Renounce Religion, Potion Petition, Call Merchant, Bribe Branch


You were on level 2 of the Orcish Mines.
You worshipped Gozag.
Gozag was most pleased with you.
You visited 4 branches of the dungeon, and saw 21 of its levels.
You also visited: Sewer.

You collected 9056 gold pieces.
You spent 1224 gold pieces at shops.
You paid 3634 gold pieces to Gozag.

Inventory:

Hand Weapons
 a - a +1 whip of electrocution
 b - a +2 war axe of freezing
 S - a +3 war axe of venom (weapon)
Missiles
 c - 6 curare-tipped darts
 B - 60 poisoned darts
 N - 51 boomerangs (quivered)
Armour
 n - the +3 warlock's mirror (worn) {reflect}
   (You acquired it on level 9 of the Dungeon)
 D - a +2 hat (worn)
Jewellery
 d - an amulet of regeneration (around mantle)
 h - a ring of willpower (left tentacle)
 k - a +4 ring of evasion (right tentacle)
 q - a ring of positive energy (on tentacle)
 r - a ring of resist corrosion (on tentacle)
 t - the ring "Kocs" (on tentacle) {Fly Dex+6}
   (You found it on level 5 of the Lair of Beasts)

   [ring of flight]

   Dex:       It affects your dexterity (+6).
   Fly:       It grants you flight.
 u - the ring "Esmi" (on tentacle) {rN++ Will+ Str+4 Int-3 Dex+4}
   (You found it on level 4 of the Lair of Beasts)

   [ring of willpower]

   Str:       It affects your strength (+4).
   Int:       It affects your intelligence (-3).
   Dex:       It affects your dexterity (+4).
   rN:        It greatly protects you from negative energy.
   Will:      It increases your willpower.
 E - a +6 ring of dexterity (on tentacle)
 O - a ring of see invisible
Wands
 o - a wand of polymorph (15)
 F - a wand of paralysis (10)
 I - a wand of mindburst (13)
 K - a wand of digging (5)
 Q - a wand of flame (15)
 R - a wand of acid (11)
Scrolls
 e - 3 scrolls of vulnerability
 f - 5 scrolls of enchant weapon
 p - a scroll of magic mapping
 s - 2 scrolls of summoning
 w - 2 scrolls of identify
 y - 2 scrolls of holy word {unknown}
 z - 5 scrolls of enchant armour
 A - 2 scrolls of fog
 J - 3 scrolls of amnesia {unknown}
 M - a scroll of immolation {unknown}
Potions
 g - a potion of heal wounds
 i - 10 potions of curing
 j - 2 potions of berserk rage
 l - 3 potions of mutation
 m - 2 potions of attraction
 v - a potion of cancellation {unknown}
 x - 2 potions of haste
 C - 4 potions of brilliance
 G - a potion of ambrosia
 H - 3 potions of lignification
 L - 3 potions of invisibility


   Skills:
 + Level 10.5 Fighting
 - Level 2.1 Short Blades
 + Level 9.7(10.1) Axes
 - Level 4.4(7.6) Maces & Flails
 + Level 10.8 Throwing
 + Level 10.6 Dodging
 + Level 14.8 Stealth
 - Level 4.0 Shields
 + Level 6.6 Spellcasting
 + Level 7.0 Hexes
 + Level 5.2 Summonings
 - Level 2.0 Translocations
 - Level 3.0 Ice Magic
 + Level 11.1 Evocations


You had 10 spell levels left.
You knew the following spells:

 Your Spells              Type           Power      Damage    Failure   Level
a - Ensorcelled Hibernat  Hex/Ice        32%        N/A       3%          2
b - Slow                  Hex            20%        N/A       1%          2
c - Confusing Touch       Hex            20%        N/A       2%          3
d - Portal Projectile     Hex/Tloc       28%        N/A       8%          3
e - Summon Guardian Gole  Hex/Summ       18%        N/A       4%          3
f - Summon Ice Beast      Ice/Summ       13%        N/A       30%         4

Your spell library contained the following spells:

 Spells                   Type           Power      Damage    Failure   Level
 Call Imp                 Summ           16%        N/A       3%          2
 Apportation              Tloc           16%        N/A       8%          1
 Cause Fear               Hex            10%        N/A       10%         4
 Dazzling Flash           Conj/Hex       24%        N/A       12%         3
 Inner Flame              Hex/Fire       12%        N/A       12%         3
 Frozen Ramparts          Ice            22%        1d4       16%         3
 Foxfire                  Conj/Fire      12%        2x1d4     17%         1
 Magic Dart               Conj           12%        1d3       17%         1
 Pain                     Necr           12%        1d4       17%         1
 Gell's Gravitas          Tloc           4%         N/A       22%         3
 Teleport Other           Tloc           8%         N/A       22%         3
 Static Discharge         Conj/Air       3%         N/A       26%         2
 Sublimation of Blood     Necr           1%         N/A       26%         2
 Summon Mana Viper        Hex/Summ       18%        N/A       36%         5
 Conjure Flame            Conj/Fire      3%         6-21      45%         3
 Ignite Poison            Fire/Tmut/Pois 3%         N/A       45%         3
 Mephitic Cloud           Conj/Pois/Air  3%         N/A       45%         3
 Vampiric Draining        Necr           1%         2d6       45%         3
 Ice Form                 Ice/Tmut       7%         N/A       67%         4
 Summon Forest            Summ/Tloc      6%         N/A       71%         5
 Silence                  Hex/Air        6%         N/A       73%         5
 Iskenderun's Mystic Bla  Conj/Tloc      6%         2d4       75%         4
 Invisibility             Hex            10%        N/A       82%         6
 Animate Dead             Necr           1%         N/A       86%         4
 Petrify                  Tmut/Erth      3%         N/A       86%         4
 Sticky Flame             Conj/Fire      3%         2d3       86%         4
 Shadow Creatures         Summ           N/A        N/A       96%         6
 Agony                    Necr           3%         N/A       99%         5
 Alistair's Intoxication  Tmut/Pois      2%         N/A       99%         5
 Blade Hands              Tmut           1%         N/A       99%         5
 Bolt of Magma            Conj/Fire/Erth 1%         4d4       99%         5
 Borgnjor's Vile Clutch   Necr/Erth      1%         N/A       99%         5
 Excruciating Wounds      Necr           1%         N/A       99%         5
 Irradiate                Conj/Tmut      1%         3d13      99%         5
 Lightning Bolt           Conj/Air       1%         1d12      99%         5
 Death Channel            Necr           1%         N/A       100%        6
 Dispersal                Tloc           4%         N/A       100%        6
 Eringya's Noxious Bog    Tmut/Pois      1%         N/A       100%        6
 Iron Shot                Conj/Erth      1%         9d1       100%        6
 Starburst                Conj/Fire      1%         8x6d3     100%        6
 Orb of Destruction       Conj           1%         N/A       100%        7
 Spellforged Servitor     Conj/Summ      5%         N/A       100%        7
 Borgnjor's Revivificati  Necr           1%         N/A       100%        8
 Discord                  Hex            10%        N/A       100%        8
 Maxwell's Capacitive Co  Air            1%         ∞         100%        8
 Necromutation            Tmut/Necr      1%         N/A       100%        8
 Chain Lightning          Conj/Air       1%         3d2       100%        9
 Death's Door             Necr           1%         N/A       100%        9
 Fire Storm               Conj/Fire      1%         8d1       100%        9
 Animate Armour           Summ/Erth      Unusable   N/A       N/A         4

Dungeon Overview and Level Annotations

Branches:
Dungeon (12/15)            Temple (1/1) D:5            Lair (6/6) D:9
 Shoals (0/4) Lair:4        Snake (0/4) Lair:4        Slime (0/5) Lair:5
    Orc (2/2) D:12            Elf (0/3) Orc:2         Sewer (visited)

Altars:
Ashenzari
Cheibriados
Fedhas
Gozag
Kikubaaqudgha
Makhleb
Okawaru
Ru
Sif Muna
Trog
Uskayaw
Xom
Yredelemnul
Zin

Shops:
D:9 (*?*   Orc:2 ?!**

Annotations:
Lair:3 indyram44's ghost, journeyman MiBe
Lair:4 Aguent's ghost, journeyman DsBe
Lair:5 Devyomi's ghost, journeyman GrBe
Orc:2 3 runed translucent doors, Tocho's ghost, journeyman MiFi; Vidar99's ghost, journeyman MiFi


Innate Abilities, Weirdness & Mutations

You cannot wear most types of armour.
You are amphibious.
You can wear up to eight rings at the same time.
Your skin changes colour to match your surroundings (Stealth+).
Your rubbery body absorbs attacks. (AC +1, EV +1)
((You are camouflaged near water. (Stealth+)))
You have tentacles for arms and can constrict up to eight enemies at once.


Message History

The orc warrior hits you from afar with a +0 halberd.
* * * LOW HITPOINT WARNING * * *
The orc high priest misses you.
Your orc priest misses the sixfirhy.
Your orc warrior completely misses the sixfirhy.
Your orc warrior closely misses something.
Your orc warrior barely misses the orc warrior.
The orc warrior completely misses you. The orc warrior barely misses you.
The orc high priest barely misses you. Something hits your orc warrior!!
The orc high priest closely misses your orc warrior.
Your orc priest hits the sixfirhy with a +0 flail.
The orc warrior barely misses you.
Your orc warrior misses the sixfirhy.
Your orc warrior hits the orc warrior with a +0 hand axe.
Your orc warrior hits something but does no damage.
Your orc warrior hits the orc high priest with a +0 hand axe.
The sixfirhy is no longer distracted by gold.
You feel a bit more experienced. The sixfirhy completely misses you. x2
The sixfirhy barely misses you. The orc warrior completely misses you.
The orc high priest closely misses you. The sixfirhy barely misses you.
The orc high priest hits your orc warrior with a +0 glaive.
Something barely misses your orc warrior.
Your orc warrior closely misses the sixfirhy.
The orc warrior misses you.
Your orc priest mumbles some strange prayers to Beogh against the orc high priest.
The orc high priest writhes in agony!
Your orc hits the orc high priest with a +0 whip.
Your orc warrior misses the orc high priest.
Your orc warrior completely misses the sixfirhy.
Your orc warrior barely misses the orc warrior.
Your orc warrior hits something with a +0 hand axe!
What are your orders? t - Shout!
Anything else - Cancel.
Okay, then.
The sixfirhy hits you.
* * * LOW HITPOINT WARNING * * *
The sixfirhy shocks you!
* * * LOW HITPOINT WARNING * * *
The sixfirhy misses you. The sixfirhy hits you!
You die...
Your body crumbles into a pile of gold.

####### ###§§.o.###
###o§o§§....### ##
##.ooooo§...o..## ##.
#..§@3o§§.......###..
#.#.#o#§#.#.#.#.#.#.#
∩....§§oo§..o..........
#.#.§.§§..§$......#.#..
#∩..§..§......$.........
##∩#.#.#.#.#.#.#.#.#.#.#
###........$......###..
##.............## ##.
###.........### ##


You could see an orc high priest, a sixfirhy (summoned), 2 orc warriors, 3
friendly orc warriors, a friendly orc priest (summoned) and 3 friendly orcs.

Vanquished Creatures
  Kirke (Lair:4)
  The ghost of Osehah the Eclecticist, a journeyman DjFE of Gozag (Lair:5)
  Snorg (Orc:2)
  An ettin (Orc:2)
  6 hydras
  3 boulder beetles
  2 catoblepae (D:10)
  A death knight (D:12)
  5 two-headed ogres
  An alligator (Lair:4)
  8 death yaks
  3 orc high priests (Orc:2)
  Sonja (D:10)
  2 skeletal warriors (D:12)
  A fire crab (Lair:4)
  A lindwurm (Lair:6)
  9 orc knights
  The ghost of Zonian the Destroyer, a novice TeCj of Dithmenos (D:8)
  An oklob plant (Lair:5)
  2 cyclopes
  2 manticores
  14 elephants
  3 ugly things
  A merfolk siren (Lair:4)
  15 cane toads
  9 black mambas
  A gargoyle (D:12)
  The ghost of spiderkeys the Skirmisher, a novice OpAK of Lugonu (D:6)
  A kobold demonologist (D:9)
  A freezing wraith (D:11)
  5 rime drakes
  11 komodo dragons
  3 trolls
  2 merfolk (Lair:4)
  5 polar bears
  6 hornets
  3 dream sheep
  37 blink frogs
  12 spriggans (Lair:6)
  3 shadows
  A wandering mushroom (Lair:5)
  2 wyverns
  30 yaks
  5 basilisks
  A steam dragon (D:8)
  3 hogs
  8 vampire mosquitoes
  5 wargs
  Edmund (D:5)
  An acid dragon (D:8)
  Menkaure (D:5)
  4 nagas (Lair:4)
  22 water moccasins
  30 orc warriors
  An ice beast (D:6)
  4 black bears
  5 ogres
  3 necrophages
  3 sky beasts
  27 wolves
  3 boggarts (Lair:6)
  A phantom (D:6)
  14 centaurs
  14 bullfrogs
  2 kobold brigands
  A wyvern zombie (D:7)
  Blork the orc (D:4)
  A gnoll sergeant (D:12)
  3 scorpions
  A wyvern skeleton (D:8)
  9 killer bees
  12 electric eels
  6 wights
  6 howler monkeys
  4 crimson imps (D:4)
  2 centaur zombies (D:8)
  2 bullfrog skeletons
  A gnoll shaman (D:9)
  A hound (D:6)
  4 jellies
  A centaur skeleton (D:8)
  23 orc priests
  4 iguanas
  22 orc wizards
  Ijyb (D:4)
  2 killer bee zombies
  A centaur simulacrum (D:6)
  A hound zombie (D:5)
  3 howler monkey zombies
  9 adders
  7 gnolls (D:4)
  2 shadow imps (D:6)
  A white imp (D:8)
  An ufetubus (D:6)
  4 worms
  75 orcs
  20 endoplasms
  13 giant cockroaches
  11 goblins
  6 hobgoblins
  2 jackals (D:1)
  14 kobolds
  10 quokkas
  9 ball pythons
  3 bats
  11 frilled lizards
  3 rats
  A butterfly (Lair:2)
691 creatures vanquished.

Vanquished Creatures (others)
  A hydra (Lair:6)
  A death knight (D:12)
  A skeletal warrior (D:12)
  A komodo dragon (Lair:6)
  2 hornets (Lair:6)
  2 spriggans (Lair:6)
  8 wolves (Lair:6)
  43 fungi
  63 plants
  2 withered plants (Lair:5)
124 creatures vanquished.

Grand Total: 815 creatures vanquished

Notes
Turn   | Place    | Note
-------+----------+-------------------------------------------
     0 | D:1      | flotson the Octopode Brigand began the quest for the Orb.
     0 | D:1      | Reached XP level 1. HP: 14/14 MP: 1/1
   188 | D:1      | Reached XP level 2. HP: 19/19 MP: 2/2
   783 | D:1      | Reached XP level 3. HP: 18/25 MP: 3/3
   913 | D:2      | Reached XP level 4. HP: 30/30 MP: 4/4
  1199 | D:2      | Got the Compendium of Curses
  1312 | D:2      | Found a faded altar of an unknown god.
  1349 | D:3      | Reached skill level 6 in Stealth
  1449 | D:3      | Found a glowing drain.
  1453 | Sewer    | Entered a sewer
  1587 | Sewer    | Reached skill level 1 in Maces & Flails
  1592 | Sewer    | Reached XP level 5. HP: 18/36 MP: 5/5
  1972 | Sewer    | Reached XP level 6. HP: 34/42 MP: 6/6
  2446 | D:4      | Noticed Ijyb
  2455 | D:4      | Killed Ijyb
  2570 | D:4      | Noticed Blork the orc
  2576 | D:4      | Killed Blork the orc
  2674 | D:4      | Reached XP level 7. HP: 46/46 MP: 7/7
  2678 | D:4      | Reached skill level 1 in Evocations
  2695 | D:4      | Found a burning altar of Makhleb.
  2716 | D:4      | Found a blossoming altar of Fedhas.
  2742 | D:4      | Reached skill level 7 in Stealth
  2801 | D:4      | Found a glowing silver altar of Zin.
  2908 | D:4      | Noticed a blizzard demon
  2912 | D:4      | Noticed a neqoxec
  2912 | D:4      | Noticed a hellwing
  3149 | D:4      | Found a shimmering altar of Xom.
  3382 | D:5      | Entered Level 5 of the Dungeon
  3416 | D:5      | Reached skill level 1 in Shields
  3429 | D:5      | Reached XP level 8. HP: 54/54 MP: 8/8
  3433 | D:5      | Found a staircase to the Ecumenical Temple.
  3444 | Temple   | Entered the Ecumenical Temple
  3458 | Temple   | Became a worshipper of Gozag Ym Sagoz the Greedy
  3568 | D:5      | Found a bloodstained altar of Trog.
  3571 | D:5      | Noticed Edmund
  3576 | D:5      | Killed Edmund
  3846 | D:5      | Noticed Menkaure
  3854 | D:5      | Killed Menkaure
  4023 | D:5      | Reached skill level 8 in Stealth
  4368 | D:6      | Found a sacrificial altar of Ru.
  4420 | D:6      | Reached XP level 9. HP: 11/60 MP: 9/9
  4464 | D:6      | Found a snail-covered altar of Cheibriados.
  4543 | D:6      | Reached skill level 5 in Throwing
  4563 | D:6      | Reached skill level 5 in Fighting
  4575 | D:6      | Found a transporter.
  4576 | D:6      | Noticed spiderkeys's ghost (novice OpAK)
  4617 | D:6      | Found a transporter.
  4834 | D:6      | Noticed a komodo dragon
  4843 | D:6      | Killed a komodo dragon
  4844 | D:6      | Reached skill level 1 in Axes
  5034 | D:7      | Reached skill level 5 in Dodging
  5068 | D:7      | Reached skill level 9 in Stealth
  5866 | D:8      | Found an iron altar of Okawaru.
  5916 | D:8      | Reached XP level 10. HP: 49/68 MP: 10/10
  5918 | D:8      | Reached skill level 5 in Evocations
  6045 | D:8      | Found a runed translucent gate.
  6045 | D:8      | Found a runed translucent gate.
  6046 | D:8      | Found a runed translucent gate.
  6195 | D:8      | Noticed Zonian's ghost (novice TeCj)
  7034 | D:8      | Found an iron altar of Okawaru.
  7557 | D:9      | Reached skill level 10 in Stealth
  7579 | D:9      | Noticed a kobold demonologist
  7815 | D:9      | Found a broken altar of Ashenzari.
  8027 | D:9      | Found a staircase to the Lair.
  8555 | D:9      | Killed a kobold demonologist
  8605 | D:10     | Entered Level 10 of the Dungeon
  8605 | D:10     | Noticed a catoblepas
  8605 | D:10     | Noticed a manticore
  8809 | D:9      | Found a broken altar of Ashenzari.
  8965 | D:9      | Found a staircase to the Lair.
  9643 | D:10     | Reached XP level 11. HP: 68/74 MP: 11/11
  9656 | D:10     | Noticed a two-headed ogre
  9657 | D:10     | Noticed a two-headed ogre
  9688 | D:9      | Killed a two-headed ogre
  9697 | Lair:1   | Entered Level 1 of the Lair of Beasts
  9724 | D:10     | Noticed Sonja
  9744 | D:10     | Killed Sonja
  9783 | D:10     | Reached skill level 11 in Stealth
  9834 | D:10     | Killed a two-headed ogre
 10069 | D:10     | Reached skill level 5 in Axes
 10146 | D:10     | Killed a manticore
 10333 | D:10     | Killed a catoblepas
 10379 | D:10     | Noticed a catoblepas
 10500 | D:10     | Killed a catoblepas
 10915 | Lair:1   | Learned a level 2 spell: Ensorcelled Hibernation
 10918 | Lair:1   | Learned a level 2 spell: Slow
 10922 | Lair:1   | Learned a level 3 spell: Confusing Touch
 11197 | Lair:1   | Reached skill level 1 in Spellcasting
 11197 | Lair:1   | Reached XP level 12. HP: 64/82 MP: 13/13
 11284 | Lair:1   | Reached skill level 1 in Hexes
 11604 | Lair:1   | Noticed a seven-headed hydra
 11609 | Lair:1   | Killed a seven-headed hydra
 11610 | Lair:1   | Reached skill level 1 in Ice Magic
 12188 | Lair:2   | Noticed a boulder beetle
 12282 | Lair:1   | Killed a boulder beetle
 12283 | Lair:1   | Reached skill level 12 in Stealth
 12616 | Lair:2   | Noticed an eight-headed hydra
 12725 | Lair:2   | Killed a nine-headed hydra
 13671 | Lair:2   | Learned a level 3 spell: Portal Projectile
 13820 | Lair:3   | Reached skill level 1 in Translocations
 13903 | Lair:3   | Reached XP level 13. HP: 70/89 MP: 17/17
 15834 | D:8      | Killed Zonian's ghost
 16055 | D:6      | Killed spiderkeys's ghost
 16276 | Lair:4   | Noticed Kirke
 16285 | Lair:4   | Noticed a sphinx
 16287 | Lair:4   | Reached skill level 13 in Stealth
 16429 | Lair:4   | Noticed a sphinx
 16434 | Lair:4   | Killed Kirke
 16537 | Lair:4   | Learned a level 3 spell: Summon Guardian Golem
 16542 | Lair:4   | Learned a level 4 spell: Summon Ice Beast
 16744 | Lair:4   | Found a transporter.
 16861 | Lair:4   | Found a staircase to the Snake Pit.
 16909 | Lair:4   | Reached skill level 1 in Summonings
 17049 | Lair:4   | Found a transporter.
 17053 | Lair:4   | Noticed indyram44's ghost (journeyman MiBe)
 17607 | Lair:4   | Found a staircase to the Shoals.
 17960 | Lair:3   | Reached XP level 14. HP: 52/97 MP: 20/20
 18283 | Lair:4   | Found a staircase to the Snake Pit.
 18334 | Lair:4   | Found a staircase to the Shoals.
 18359 | Lair:4   | Found a transporter.
 18563 | Lair:4   | Found a transporter.
 18708 | Lair:5   | Found a staircase to the Slime Pits.
 18886 | Lair:5   | Reached skill level 5 in Hexes
 19057 | Lair:5   | Found a runed translucent gate.
 19057 | Lair:5   | Found a runed translucent gate.
 19057 | Lair:5   | Found a runed translucent gate.
 19062 | Lair:5   | Noticed Devyomi's ghost (journeyman GrBe)
 19062 | Lair:5   | Noticed Aguent's ghost (journeyman DsBe)
 19063 | Lair:5   | Noticed Osehah's ghost (journeyman DjFE)
 19149 | Lair:4   | You fall into a shaft and drop 1 floor!
 19325 | Lair:4   | HP: 4/97 [death yak (21)]
 19856 | Lair:5   | Got Sif Muna's Collected Works on Flames
 19862 | Lair:5   | Identified the ring "Kocs" {Fly Dex+6}
 19883 | Lair:5   | Reached skill level 5 in Spellcasting
 20240 | Lair:5   | Killed Osehah's ghost
 20367 | Lair:5   | Reached skill level 10 in Evocations
 20607 | Lair:6   | Entered Level 6 of the Lair of Beasts
 21007 | Lair:6   | Reached skill level 10 in Throwing
 21592 | Lair:6   | Reached skill level 14 in Stealth
 21700 | Lair:6   | HP: 1/98 [eight-headed hydra (16)]
 22049 | Lair:6   | Reached skill level 10 in Fighting
 22150 | Lair:6   | Reached skill level 10 in Dodging
 22240 | Lair:6   | Reached XP level 15. HP: 62/103 MP: 23/23
 23072 | Lair:5   | Identified the +0 leather armour of Entitlement {*Slow
                  | rN+++ Int+4}
 23479 | Lair:4   | HP: 4/103 [fire crab] (26)]
 23596 | Lair:4   | Identified the ring "Esmi" {rN++ Will+ Str+4 Int-3 Dex+4}
 23674 | D:9      | Bought a scroll labelled WAPNYH ETTAUR for 29 gold pieces
 23674 | D:9      | Bought a steaming hunting sling for 188 gold pieces
 23674 | D:9      | Identified the +0 hunting sling "Vidov" {venom, rElec rN+
                  | Str+3 Int-4} (You bought it in a shop on level 9 of the
                  | Dungeon)
 23675 | D:9      | Bought a crude lead amulet for 145 gold pieces
 23675 | D:9      | Identified the amulet of Gigad {RegenMP Int+3 Dex+6} (You
                  | bought it in a shop on level 9 of the Dungeon)
 23678 | D:9      | Bought a scroll of acquirement for 780 gold pieces
 23678 | D:9      | Bought a scroll of fear for 52 gold pieces
 23678 | D:9      | Bought a scroll of identify for 30 gold pieces
 23679 | D:9      | Acquired 1124 gold pieces
 23681 | D:9      | Acquired the +3 warlock's mirror {reflect}
 23682 | D:9      | Found the +3 warlock's mirror {reflect}
 24276 | D:11     | Acquired a manual of Axes
 24990 | D:12     | Acquired 664 gold pieces
 25204 | D:12     | Found a staircase to the Orcish Mines.
 25747 | Orc:1    | Entered Level 1 of the Orcish Mines
 26205 | Orc:2    | Entered Level 2 of the Orcish Mines
 26205 | Orc:2    | Found Hasiop's Assorted Antiques.
 26541 | Orc:2    | Found a staircase to the Elven Halls.
 26571 | Orc:2    | Found a bloodstained altar of Trog.
 26605 | Orc:2    | Reached skill level 5 in Summonings
 26921 | Orc:2    | Noticed Snorg
 26969 | Orc:2    | Killed Snorg
 27294 | Orc:2    | Found a runed translucent gate.
 27295 | Orc:2    | Found a runed translucent gate.
 27295 | Orc:2    | Found a runed translucent gate.
 27296 | Orc:2    | Noticed Tocho's ghost (journeyman MiFi)
 27296 | Orc:2    | Noticed Vidar99's ghost (journeyman MiFi)
 27434 | Orc:2    | Found Qonei's Assorted Antiques.
 27443 | Orc:2    | Found Nolyd's Magic Scroll Boutique.
 27443 | Orc:2    | Found Soipnap's Distillery.
 27454 | Orc:2    | Slain by a sixfirhy

Illustrated notes

Levels and vault maps discovered:
D:1:      sevenhm_arrival_forest_fort_small_3, layout_basic
D:2:      layout_rooms, chequers_ecumenical_altar_twisty
D:3:      layout_basic, gup_sewer_entry_spiral, kennysheep_cross_bottleneck
D:4:      layout_basic, zin_treasury, fedhas_altar_3, led_xom_imps,
          makhleb_altar_promises_db, uniq_ijyb, uniq_blork_the_orc
D:5:      layout_basic, kennysheep_mini, minmay_temple_entry_glass,
          minmay_misc_feat_roman, chequers_serial_rivers_micro_a,
          serial_park_tiny_pond, uniq_edmund, uniq_menkaure
D:6:      layout_basic, lemuel_doored_altar, kennysheep_little_box,
          gammafunk_ghost_mausoleum
D:7:      layout_loops_ring, hex_tiny
D:8:      layout_loops_ring, okawaru_trees_1, gammafunk_ghost_necromancy,
          minmay_diced_spiral
D:9:      minmay_octagon_keep, layout_basic, nicolae_ashenzari_panopticon,
          dpeg_oklobed_lair
D:10:     nzn_motion_control, layout_basic, uniq_sonja
D:11:     layout_stronghold
D:12:     layout_basic, orc_0_dummy, minmay_shattered_shrine
Temple:   nicolae_temple_god_jail
Lair:1:   layout_layer_cave
Lair:2:   layout_hall_layers, bh_autumn_forest_stairs, lemuel_fruit_fields
Lair:3:   layout_chaotic_city
Lair:4:   layout_regular_city, elwin_shoals_entry_rooms,
          minmay_snake_entry_guardpost_large, gammafunk_ghost_arena,
          grunt_forest_small_clearing_treed, uniq_kirke
Lair:5:   layout_regular_city, nicolae_slime_entry_slimehenge,
          gammafunk_ghost_cemetery, st_stairs_11, beast_lair_carwin_8,
          minmay_lair_oklob_chamber, lemuel_fruit_tree
Lair:6:   minmay_lair_end_enchanted_forest, layout_cave_pods
Orc:1:    layout_caves
Orc:2:    st_orc_pillars, layout_caves, basic_altar, gammafunk_ghost_cemetery,
          serial_shops, nicolae_shop_trees, uniq_snorg

Skill      XL: |  1  2  3  4  5  6  7  8  9 10 11 12 13 14 15 |
---------------+----------------------------------------------+-----
Dodging        | 2 3 4 5 6 7 8 9 10 | 10.6
Stealth        | 6 7 8 9 10 11 12 13 14 | 14.8
Maces & Flails | 1 2 3 4 |  4.4
Throwing       | 3 4 5 6 8 9 10 | 10.8
Fighting       | 3 4 5 6 7 8 9 10 | 10.5
Evocations     | 2 3 4 6 7 8 9 10 11 | 11.1
Shields        | 1 2 4 |  4.0
Axes           | 2 4 5 6 7 8 9 |  9.7
Spellcasting   | 1 3 4 5 6 |  6.6
Hexes          | 3 4 6 7 |  7.0
Ice Magic      | 2 3 |  3.0
Translocations | 1 2 |  2.0
Summonings     | 2 4 5 |  5.2
Short Blades   | |  2.1

Action                   |  1- 3 |  4- 6 |  7- 9 | 10-12 | 13-15 || total
-------------------------+-------+-------+-------+-------+-------++-------
Melee: Dagger            |    41 |       |       |       |       ||    41
       Constrict         |     9 |    25 |    45 |    63 |   174 ||   316
       Tentacles         |     4 |    15 |    49 |    96 |   494 ||   658
       Whip              |     2 |   143 |   237 |   301 |   157 ||   840
       War axe           |       |       |    13 |   152 |  1210 ||  1375
       Unarmed           |       |       |       |       |    15 ||    15
Throw: Dart              |       |     8 |    13 |   134 |    94 ||   249
       Throwing net      |       |       |       |     3 |     3 ||     6
       Boomerang         |       |       |       |       |    26 ||    26
 Cast: Summon Guardian G |       |       |       |       |    15 ||    15
       Confusing Touch   |       |       |       |       |     3 ||     3
Invok: Call Merchant     |       |       |       |       |     4 ||     4
       Potion Petition   |       |       |       |       |     1 ||     1
Evoke: Wand              |       |       |     3 |    22 |    18 ||    43
  Use: Scroll            |       |     9 |     4 |     6 |    22 ||    41
       Potion            |       |       |       |       |     7 ||     7
 Stab: Sleeping          |    13 |    31 |    19 |    11 |    31 ||   105
       Distracted        |       |       |       |     3 |    19 ||    22
       Paralysed         |       |       |       |     4 |       ||     4
       Held in net/web   |       |       |       |       |     4 ||     4
Armor: Skin              |     4 |    13 |    14 |    17 |    55 ||   103
Dodge: Dodged            |    25 |    85 |   148 |   342 |  1241 ||  1841
Block: Buckler           |       |       |    30 |    76 |   466 ||   572
       Reflection        |       |       |       |       |    24 ||    24

Table legend: (Time is in decaauts)
 A = Elapsed time spent in this place.
 B = Non-inter-level travel time spent in this place.
 C = Inter-level travel time spent in this place.
 D = Time resting spent in this place.
 E = Time spent auto-exploring this place.
 F = Levels seen in this place.
 G = Mean time per level.
                   A        B        C        D        E       F      G
               +--------+--------+--------+--------+--------+-----+--------+
         Total |  27397 |  25651 |   1746 |    629 |  18189 |  22 | 1245.3 |
       Dungeon |  12788 |  11902 |    886 |    214 |   9165 |  12 | 1065.7 |
        Temple |     23 |     14 |      9 |      0 |      3 |   1 |   23.0 |
          Lair |  12358 |  11541 |    817 |    393 |   7752 |   6 | 2059.7 |
  Orcish Mines |   1681 |   1648 |     33 |      0 |   1004 |   2 |  840.5 |
         Sewer |    545 |    545 |      0 |     22 |    265 |   1 |  545.0 |
               +--------+--------+--------+--------+--------+-----+--------+

Top non-repeatable levels by time:
  Lair:4: 3022 daAuts
     D:9: 2401 daAuts
  Lair:6: 2263 daAuts
  Lair:3: 2219 daAuts
  Lair:5: 1760 daAuts
     D:8: 1744 daAuts
  Lair:1: 1569 daAuts
  Lair:2: 1522 daAuts
    D:10: 1255 daAuts
   Orc:2: 1207 daAuts
    D:12: 1115 daAuts
     D:4: 941 daAuts
     D:6: 902 daAuts
     D:7: 855 daAuts
     D:5: 839 daAuts
